[ AOE2 MATCH · #475409869 ]
Team RMFranks vs Bohemians
[ REPLAY ANALYSIS · EXTRACTED FROM THE RECORDED GAME ]
Feudal
10:53
Castle
28:35
Imperial
46:55
| APM avg | 33.2 |
| APM peak | 143 |
| eAPM avg | 16.5 |
| Villagers / military | 92 / 56 |
Focus
⚔️ 18.4% · 🌾 81.6%
Knight ×37 · Scout Cavalry ×10 · Mangonel ×7 · Spearman ×2
Feudal
10:33
Castle
26:19
Imperial
41:21
| APM avg | 38.3 |
| APM peak | 117 |
| eAPM avg | 14.8 |
| Villagers / military | 86 / 197 |
Focus
⚔️ 45.0% · 🌾 55.0%
Archer ×189 · Spearman ×5 · Trebuchet (Packed) ×3
Feudal
9:55
Castle
24:20
Imperial
42:13
| APM avg | 28.8 |
| APM peak | 70 |
| eAPM avg | 19.9 |
| Villagers / military | 120 / 310 |
Focus
⚔️ 49.5% · 🌾 50.5%
Archer ×302 · Trebuchet (Packed) ×6 · Skirmisher ×2
Feudal
14:37
Castle
19:29
Imperial
44:26
| APM avg | 33.5 |
| APM peak | 54 |
| eAPM avg | 19.6 |
| Villagers / military | 184 / 139 |
Focus
⚔️ 28.7% · 🌾 71.3%
Scout Cavalry ×46 · Hussite Wagon ×44 · Trebuchet (Packed) ×17 · Battering Ram ×11 · Knight ×7 · Skirmisher ×7
Match map
Initial resources + every placement click. Lines = walls · curves = elevation contours. ◆ gold · ⬟ stone · ● berries · ✦ relic · ◌ wall gap
Your base· Open — 5t gap
SaxPat's base· Open — unwalled flank
kingrog's base· Open — 6t gap
AYD's base· Open — 10t gap
Smoothed initial terrain · ◌ = detected wall gap · hover for details
Inputs per minute
— kingthom - - SaxPat
Build order — kingthom
First 150 of 264 actions detected
| 0:31 | Build | Town Center |
| 2:01 | Create | Villager (Male) |
| 2:02 | Create | Villager (Male) |
| 2:02 | Create | Villager (Male) |
| 2:31 | Create | Villager (Male) |
| 2:32 | Create | Villager (Male) |
| 3:17 | Create | Villager (Male) |
| 3:40 | Create | Villager (Male) |
| 4:51 | Create | Villager (Male) |
| 4:58 | Create | Villager (Male) |
| 5:23 | Create | Villager (Male) |
| 5:54 | Create | Villager (Male) |
| 6:34 | Build | Mill |
| 6:44 | Build | Mill |
| 6:46 | Create | Villager (Male) |
| 6:46 | Create | Villager (Male) |
| 6:56 | Build | House |
| 7:00 | Build | House |
| 7:15 | Build | Lumber Camp |
| 7:20 | Create | Villager (Male) |
| 7:59 | Create | Villager (Male) |
| 8:43 | Research | Feudal Age |
| 9:17 | Build | House |
| 9:45 | Build | Barracks |
| 9:54 | Build | Farm |
| 10:53 | Age | Feudal Age |
| 10:56 | Build | Stable |
| 11:13 | Create | Villager (Male) |
| 11:46 | Create | Villager (Male) |
| 11:46 | Create | Villager (Male) |
| 11:58 | Build | Blacksmith |
| 12:01 | Create | Scout Cavalry |
| 12:02 | Create | Scout Cavalry |
| 12:18 | Create | Spearman |
| 12:22 | Create | Villager (Male) |
| 12:36 | Create | Villager (Male) |
| 12:44 | Create | Scout Cavalry |
| 13:04 | Build | Mill |
| 13:08 | Create | Spearman |
| 13:12 | Create | Scout Cavalry |
| 13:18 | Research | Forging |
| 13:23 | Create | Villager (Male) |
| 13:47 | Research | Scale Barding Armor |
| 14:00 | Create | Villager (Male) |
| 14:01 | Create | Villager (Male) |
| 14:21 | Create | Villager (Male) |
| 15:07 | Build | House |
| 15:08 | Build | House |
| 15:26 | Build | House |
| 15:36 | Build | Mill |
| 15:48 | Create | Villager (Male) |
| 16:04 | Build | Watch Tower |
| 16:16 | Build | Mining Camp |
| 17:09 | Research | Loom |
| 17:52 | Build | Watch Tower |
| 17:55 | Create | Villager (Male) |
| 17:55 | Create | Villager (Male) |
| 17:56 | Create | Villager (Male) |
| 18:19 | Create | Villager (Male) |
| 18:51 | Create | Scout Cavalry |
| 18:52 | Create | Scout Cavalry |
| 19:35 | Build | Farm |
| 19:35 | Build | Farm |
| 19:36 | Build | Farm |
| 19:36 | Build | Farm |
| 19:36 | Build | Farm |
| 19:36 | Build | Farm |
| 20:08 | Build | Farm |
| 20:08 | Build | Farm |
| 20:08 | Build | Farm |
| 20:09 | Build | Farm |
| 20:18 | Create | Scout Cavalry |
| 20:18 | Create | Scout Cavalry |
| 20:46 | Build | Stone Wall |
| 20:58 | Create | Villager (Male) |
| 20:59 | Create | Villager (Male) |
| 21:44 | Create | Villager (Male) |
| 21:45 | Create | Villager (Male) |
| 21:52 | Build | Farm |
| 21:52 | Build | Farm |
| 21:52 | Build | Farm |
| 22:14 | Create | Villager (Male) |
| 22:39 | Create | Villager (Male) |
| 22:53 | Create | Scout Cavalry |
| 22:53 | Create | Scout Cavalry |
| 23:30 | Create | Villager (Male) |
| 23:50 | Build | Watch Tower |
| 23:52 | Create | Villager (Male) |
| 24:18 | Build | Market |
| 24:22 | Build | House |
| 25:16 | Build | House |
| 25:20 | Build | House |
| 25:26 | Create | Villager (Male) |
| 25:27 | Create | Villager (Male) |
| 25:53 | Research | Castle Age |
| 26:00 | Build | House |
| 26:02 | Build | House |
| 26:17 | Build | Stable |
| 26:44 | Build | House |
| 27:04 | Build | Stone Wall |
| 27:19 | Build | Gate |
| 28:35 | Age | Castle Age |
| 28:45 | Create | Knight |
| 28:45 | Create | Knight |
| 28:45 | Create | Knight |
| 29:28 | Research | Husbandry |
| 29:29 | Create | Knight |
| 29:30 | Create | Knight |
| 30:00 | Create | Villager (Male) |
| 30:00 | Create | Villager (Male) |
| 30:01 | Create | Villager (Male) |
| 30:19 | Create | Villager (Male) |
| 30:24 | Create | Knight |
| 30:24 | Create | Knight |
| 30:24 | Create | Knight |
| 31:19 | Create | Villager (Male) |
| 31:20 | Create | Villager (Male) |
| 31:27 | Build | House |
| 31:30 | Build | House |
| 31:49 | Create | Villager (Male) |
| 32:00 | Build | Town Center |
| 32:20 | Build | Stone Wall |
| 32:44 | Build | Stone Wall |
| 32:52 | Build | Siege Workshop |
| 33:12 | Build | Town Center |
| 33:32 | Create | Knight |
| 33:32 | Create | Knight |
| 33:33 | Create | Knight |
| 33:33 | Create | Knight |
| 33:33 | Create | Knight |
| 33:55 | Create | Villager (Male) |
| 33:55 | Create | Villager (Male) |
| 34:25 | Create | Villager (Male) |
| 34:25 | Create | Villager (Male) |
| 34:25 | Create | Villager (Male) |
| 34:30 | Build | House |
| 34:52 | Create | Villager (Male) |
| 34:53 | Create | Villager (Male) |
| 34:59 | Build | Farm |
| 35:28 | Create | Villager (Male) |
| 35:28 | Create | Villager (Male) |
| 35:39 | Build | House |
| 35:42 | Build | House |
| 36:12 | Create | Knight |
| 36:13 | Create | Knight |
| 36:13 | Create | Knight |
| 36:13 | Create | Knight |
| 36:14 | Create | Knight |
| 36:17 | Create | Mangonel |
| 36:29 | Create | Villager (Male) |
Build order — SaxPat
First 150 of 384 actions detected
| 0:31 | Build | Town Center |
| 1:39 | Create | Villager (Male) |
| 1:39 | Create | Villager (Male) |
| 1:39 | Create | Villager (Male) |
| 1:41 | Research | Loom |
| 1:45 | Create | Villager (Male) |
| 1:45 | Create | Villager (Male) |
| 1:45 | Create | Villager (Male) |
| 3:32 | Create | Villager (Male) |
| 3:32 | Create | Villager (Male) |
| 3:54 | Build | Mill |
| 4:06 | Create | Villager (Male) |
| 4:42 | Create | Villager (Male) |
| 5:11 | Create | Villager (Male) |
| 5:12 | Create | Villager (Male) |
| 5:12 | Create | Villager (Male) |
| 5:43 | Create | Villager (Male) |
| 6:42 | Build | House |
| 6:53 | Create | Villager (Male) |
| 7:16 | Create | Villager (Male) |
| 7:31 | Build | Barracks |
| 7:54 | Build | House |
| 7:56 | Create | Villager (Male) |
| 8:23 | Research | Feudal Age |
| 8:38 | Build | Mining Camp |
| 9:17 | Create | Villager (Male) |
| 9:45 | Build | House |
| 10:11 | Create | Villager (Male) |
| 10:33 | Age | Feudal Age |
| 10:37 | Build | Blacksmith |
| 10:43 | Build | Archery Range |
| 11:06 | Build | Archery Range |
| 11:23 | Create | Villager (Male) |
| 11:28 | Create | Archer |
| 11:34 | Research | Fletching |
| 11:36 | Build | House |
| 11:43 | Build | Outpost |
| 11:50 | Create | Villager (Male) |
| 11:55 | Create | Archer |
| 11:57 | Create | Archer |
| 12:05 | Create | Archer |
| 12:11 | Create | Villager (Male) |
| 12:23 | Create | Archer |
| 12:46 | Create | Spearman |
| 12:52 | Create | Spearman |
| 12:53 | Create | Archer |
| 12:53 | Create | Archer |
| 12:56 | Create | Villager (Male) |
| 13:03 | Build | House |
| 13:25 | Create | Archer |
| 13:26 | Create | Archer |
| 13:29 | Create | Villager (Male) |
| 13:34 | Build | Lumber Camp |
| 13:45 | Create | Spearman |
| 13:59 | Create | Archer |
| 14:01 | Create | Archer |
| 14:04 | Create | Villager (Male) |
| 14:14 | Research | Horse Collar |
| 14:23 | Build | Farm |
| 14:29 | Build | Farm |
| 14:57 | Create | Spearman |
| 15:28 | Create | Archer |
| 15:28 | Create | Archer |
| 15:32 | Build | House |
| 15:47 | Create | Archer |
| 15:48 | Create | Archer |
| 16:06 | Create | Spearman |
| 16:12 | Create | Archer |
| 16:12 | Create | Archer |
| 16:15 | Create | Villager (Male) |
| 16:15 | Create | Villager (Male) |
| 16:54 | Create | Archer |
| 16:55 | Create | Archer |
| 17:24 | Build | House |
| 17:26 | Build | House |
| 17:27 | Build | House |
| 17:35 | Create | Archer |
| 17:35 | Create | Archer |
| 17:59 | Create | Villager (Male) |
| 18:05 | Build | Farm |
| 18:06 | Build | Farm |
| 18:06 | Build | Farm |
| 18:07 | Build | Farm |
| 18:07 | Build | Farm |
| 18:07 | Build | Farm |
| 18:10 | Build | Farm |
| 18:16 | Build | Farm |
| 18:18 | Build | Farm |
| 18:20 | Build | Farm |
| 19:52 | Create | Archer |
| 19:53 | Create | Archer |
| 19:53 | Create | Archer |
| 20:05 | Create | Villager (Male) |
| 20:07 | Create | Villager (Male) |
| 20:16 | Build | Farm |
| 20:17 | Build | Farm |
| 20:23 | Create | Archer |
| 20:23 | Create | Archer |
| 20:27 | Build | Archery Range |
| 20:29 | Build | House |
| 21:03 | Create | Archer |
| 21:03 | Create | Archer |
| 21:10 | Create | Villager (Male) |
| 21:11 | Create | Villager (Male) |
| 21:21 | Research | Wheelbarrow |
| 21:35 | Research | Padded Archer Armor |
| 21:40 | Create | Archer |
| 21:40 | Create | Archer |
| 21:49 | Create | Villager (Male) |
| 22:39 | Build | House |
| 22:48 | Create | Archer |
| 22:48 | Create | Archer |
| 22:48 | Create | Archer |
| 23:14 | Create | Villager (Male) |
| 23:18 | Create | Archer |
| 23:18 | Create | Archer |
| 23:18 | Create | Archer |
| 23:19 | Create | Archer |
| 23:20 | Create | Archer |
| 23:38 | Research | Castle Age |
| 23:44 | Create | Archer |
| 23:49 | Build | Archery Range |
| 23:55 | Build | House |
| 24:05 | Create | Archer |
| 24:06 | Create | Archer |
| 24:39 | Build | Watch Tower |
| 24:47 | Create | Archer |
| 24:48 | Create | Archer |
| 24:48 | Create | Archer |
| 24:53 | Create | Archer |
| 24:59 | Research | Gold Mining |
| 25:28 | Create | Archer |
| 26:11 | Create | Villager (Male) |
| 26:12 | Create | Villager (Male) |
| 26:19 | Age | Castle Age |
| 26:21 | Research | Crossbowman (upgrade) |
| 26:35 | Research | Bodkin Arrow |
| 26:52 | Research | Double-Bit Axe |
| 27:06 | Build | Town Center |
| 27:36 | Create | Villager (Male) |
| 27:36 | Create | Villager (Male) |
| 27:54 | Build | University |
| 28:05 | Create | Archer |
| 28:05 | Create | Archer |
| 28:05 | Create | Archer |
| 28:05 | Create | Archer |
| 28:22 | Research | Leather Archer Armor |
| 28:54 | Create | Archer |
| 28:54 | Create | Archer |
| 28:55 | Create | Archer |
Build order — kingrog
First 150 of 619 actions detected
| 0:29 | Build | Town Center |
| 1:30 | Create | Villager (Male) |
| 1:30 | Create | Villager (Male) |
| 1:30 | Create | Villager (Male) |
| 1:31 | Create | Villager (Male) |
| 1:31 | Create | Villager (Male) |
| 2:08 | Create | Villager (Male) |
| 3:12 | Create | Villager (Male) |
| 3:50 | Create | Villager (Male) |
| 3:57 | Create | Villager (Male) |
| 4:38 | Create | Villager (Male) |
| 4:38 | Create | Villager (Male) |
| 4:38 | Research | Loom |
| 4:43 | Build | Mill |
| 5:03 | Create | Villager (Male) |
| 5:48 | Build | House |
| 5:49 | Build | House |
| 6:00 | Create | Villager (Male) |
| 6:00 | Create | Villager (Male) |
| 6:22 | Create | Villager (Male) |
| 7:06 | Build | Lumber Camp |
| 7:11 | Create | Villager (Male) |
| 7:22 | Build | Barracks |
| 7:32 | Research | Feudal Age |
| 8:03 | Research | Loom |
| 8:03 | Create | Villager (Male) |
| 8:29 | Build | Palisade Wall |
| 8:42 | Build | Mining Camp |
| 8:53 | Create | Villager (Male) |
| 9:13 | Build | House |
| 9:20 | Build | Palisade Wall |
| 9:22 | Build | Palisade Wall |
| 9:31 | Create | Villager (Male) |
| 9:55 | Age | Feudal Age |
| 10:00 | Build | Archery Range |
| 10:10 | Build | Blacksmith |
| 10:12 | Build | House |
| 10:14 | Build | Palisade Wall |
| 10:16 | Build | Palisade Wall |
| 10:31 | Create | Villager (Male) |
| 10:31 | Create | Villager (Male) |
| 10:43 | Create | Villager (Male) |
| 10:48 | Build | Archery Range |
| 10:54 | Research | Double-Bit Axe |
| 10:56 | Create | Villager (Male) |
| 11:08 | Build | Palisade Wall |
| 11:26 | Create | Archer |
| 11:32 | Create | Villager (Male) |
| 11:41 | Create | Archer |
| 11:52 | Create | Archer |
| 12:01 | Create | Archer |
| 12:01 | Create | Archer |
| 12:03 | Create | Villager (Male) |
| 12:10 | Build | House |
| 12:23 | Create | Archer |
| 12:24 | Research | Horse Collar |
| 12:29 | Build | Farm |
| 12:47 | Create | Archer |
| 12:47 | Create | Archer |
| 13:07 | Build | Palisade Gate |
| 13:15 | Build | Palisade Wall |
| 13:16 | Build | Palisade Wall |
| 13:18 | Create | Archer |
| 13:20 | Create | Villager (Male) |
| 13:20 | Create | Villager (Male) |
| 13:57 | Research | Fletching |
| 13:59 | Create | Archer |
| 13:59 | Create | Archer |
| 13:59 | Create | Archer |
| 14:16 | Create | Archer |
| 14:21 | Create | Villager (Male) |
| 14:21 | Create | Villager (Male) |
| 15:00 | Build | House |
| 15:03 | Create | Villager (Male) |
| 15:04 | Build | Farm |
| 15:18 | Create | Archer |
| 15:19 | Create | Archer |
| 15:19 | Create | Archer |
| 15:29 | Create | Villager (Male) |
| 15:29 | Create | Villager (Male) |
| 15:49 | Create | Villager (Male) |
| 15:51 | Build | Farm |
| 15:53 | Build | Farm |
| 15:56 | Build | House |
| 16:00 | Build | House |
| 16:01 | Build | House |
| 16:04 | Create | Villager (Male) |
| 16:05 | Create | Archer |
| 16:06 | Create | Archer |
| 16:22 | Build | House |
| 16:23 | Build | House |
| 16:24 | Build | House |
| 16:27 | Create | Archer |
| 16:27 | Create | Archer |
| 16:32 | Research | Padded Archer Armor |
| 16:44 | Create | Archer |
| 16:44 | Create | Archer |
| 17:14 | Create | Villager (Male) |
| 17:19 | Build | Lumber Camp |
| 17:23 | Build | Farm |
| 17:25 | Build | Farm |
| 17:30 | Create | Archer |
| 17:30 | Create | Archer |
| 17:59 | Create | Archer |
| 18:00 | Create | Archer |
| 18:06 | Build | Farm |
| 18:07 | Build | Farm |
| 18:07 | Build | Farm |
| 18:07 | Build | Farm |
| 18:07 | Build | Farm |
| 18:08 | Build | Farm |
| 18:13 | Create | Villager (Male) |
| 18:42 | Build | Farm |
| 18:42 | Build | Farm |
| 18:43 | Build | Farm |
| 18:43 | Build | Farm |
| 19:01 | Create | Archer |
| 19:02 | Create | Archer |
| 19:23 | Create | Villager (Male) |
| 19:23 | Create | Villager (Male) |
| 19:42 | Create | Archer |
| 19:42 | Create | Archer |
| 20:00 | Build | Archery Range |
| 20:10 | Create | Archer |
| 20:10 | Create | Archer |
| 20:10 | Create | Archer |
| 20:23 | Create | Villager (Male) |
| 20:26 | Build | Farm |
| 20:30 | Build | Farm |
| 20:33 | Build | Farm |
| 20:35 | Build | Farm |
| 20:39 | Create | Villager (Male) |
| 20:50 | Create | Archer |
| 21:00 | Create | Archer |
| 21:26 | Create | Archer |
| 21:26 | Create | Archer |
| 21:40 | Research | Castle Age |
| 21:45 | Create | Archer |
| 21:46 | Create | Archer |
| 22:08 | Build | House |
| 22:12 | Build | House |
| 22:22 | Create | Archer |
| 22:22 | Create | Archer |
| 22:47 | Create | Archer |
| 22:47 | Create | Archer |
| 22:47 | Create | Archer |
| 22:57 | Build | Archery Range |
| 23:07 | Build | Mining Camp |
| 23:14 | Research | Gold Mining |
| 23:20 | Create | Archer |
Build order — AYD
First 150 of 502 actions detected
| 0:21 | Build | Town Center |
| 1:24 | Create | Villager (Male) |
| 1:25 | Create | Villager (Male) |
| 1:25 | Create | Villager (Male) |
| 1:25 | Create | Villager (Male) |
| 1:25 | Create | Villager (Male) |
| 2:27 | Create | Villager (Male) |
| 3:13 | Create | Villager (Male) |
| 3:13 | Create | Villager (Male) |
| 3:45 | Create | Villager (Male) |
| 4:07 | Create | Villager (Male) |
| 4:22 | Build | Mill |
| 4:28 | Build | House |
| 4:31 | Create | Villager (Male) |
| 4:32 | Create | Villager (Male) |
| 4:34 | Create | Villager (Male) |
| 4:34 | Create | Villager (Male) |
| 4:57 | Build | Mill |
| 5:02 | Create | Villager (Male) |
| 5:02 | Create | Villager (Male) |
| 5:03 | Create | Villager (Male) |
| 5:30 | Create | Villager (Male) |
| 5:31 | Create | Villager (Male) |
| 5:35 | Create | Villager (Male) |
| 5:35 | Create | Villager (Male) |
| 5:51 | Create | Villager (Male) |
| 5:51 | Create | Villager (Male) |
| 6:08 | Build | Lumber Camp |
| 6:19 | Create | Villager (Male) |
| 6:19 | Create | Villager (Male) |
| 6:51 | Build | Mining Camp |
| 7:07 | Build | House |
| 7:54 | Create | Villager (Male) |
| 7:55 | Create | Villager (Male) |
| 7:55 | Create | Villager (Male) |
| 8:07 | Build | Mill |
| 8:08 | Create | Villager (Male) |
| 8:09 | Create | Villager (Male) |
| 8:22 | Build | Outpost |
| 8:31 | Build | Outpost |
| 8:34 | Create | Villager (Male) |
| 8:34 | Create | Villager (Male) |
| 8:34 | Create | Villager (Male) |
| 8:50 | Build | Mill |
| 9:09 | Build | Outpost |
| 9:20 | Create | Villager (Male) |
| 9:20 | Research | Loom |
| 9:25 | Create | Villager (Male) |
| 9:50 | Create | Villager (Male) |
| 10:07 | Create | Villager (Male) |
| 10:24 | Create | Villager (Male) |
| 10:51 | Create | Villager (Male) |
| 10:51 | Create | Villager (Male) |
| 10:52 | Create | Villager (Male) |
| 11:11 | Build | Farm |
| 11:12 | Build | Farm |
| 12:01 | Create | Villager (Male) |
| 12:12 | Build | House |
| 12:27 | Research | Feudal Age |
| 12:28 | Research | Feudal Age |
| 12:45 | Build | Barracks |
| 13:10 | Build | Farm |
| 13:32 | Build | House |
| 13:46 | Build | Mill |
| 14:29 | Create | Villager (Male) |
| 14:29 | Create | Villager (Male) |
| 14:37 | Age | Feudal Age |
| 14:43 | Build | Archery Range |
| 14:49 | Create | Villager (Male) |
| 15:21 | Build | Lumber Camp |
| 15:28 | Build | Palisade Gate |
| 15:31 | Build | Farm |
| 15:50 | Build | Lumber Camp |
| 16:02 | Create | Skirmisher |
| 16:02 | Create | Skirmisher |
| 16:02 | Create | Skirmisher |
| 16:09 | Build | Blacksmith |
| 16:19 | Research | Double-Bit Axe |
| 16:19 | Research | Double-Bit Axe |
| 16:30 | Build | Palisade Gate |
| 16:39 | Build | Farm |
| 16:49 | Research | Castle Age |
| 16:49 | Research | Castle Age |
| 16:58 | Build | Watch Tower |
| 17:32 | Research | Fletching |
| 17:43 | Build | Watch Tower |
| 17:54 | Create | Skirmisher |
| 17:54 | Create | Skirmisher |
| 18:15 | Create | Villager (Male) |
| 18:42 | Create | Skirmisher |
| 19:26 | Build | Watch Tower |
| 19:28 | Create | Archer |
| 19:28 | Create | Skirmisher |
| 19:29 | Age | Castle Age |
| 19:32 | Create | Villager (Male) |
| 19:32 | Create | Villager (Male) |
| 19:38 | Create | Villager (Male) |
| 19:38 | Create | Villager (Male) |
| 19:47 | Build | Town Center |
| 19:54 | Build | Farm |
| 19:55 | Build | Farm |
| 19:57 | Build | Farm |
| 20:23 | Build | Outpost |
| 20:52 | Create | Villager (Male) |
| 20:53 | Create | Villager (Male) |
| 21:01 | Build | Mill |
| 21:05 | Build | Outpost |
| 21:19 | Create | Villager (Male) |
| 21:28 | Build | Outpost |
| 21:47 | Create | Villager (Male) |
| 21:54 | Build | Farm |
| 21:55 | Build | Farm |
| 22:21 | Build | Castle |
| 22:24 | Create | Villager (Male) |
| 22:24 | Create | Villager (Male) |
| 22:30 | Create | Villager (Male) |
| 22:46 | Build | Outpost |
| 22:56 | Build | Farm |
| 22:57 | Build | Farm |
| 23:00 | Create | Villager (Male) |
| 23:03 | Create | Villager (Male) |
| 23:10 | Build | House |
| 23:11 | Build | House |
| 23:18 | Research | Town Watch |
| 23:19 | Create | Villager (Male) |
| 23:42 | Build | House |
| 23:55 | Create | Villager (Male) |
| 23:58 | Build | Farm |
| 23:59 | Create | Villager (Male) |
| 24:11 | Build | Town Center |
| 24:15 | Create | Hussite Wagon |
| 24:15 | Create | Hussite Wagon |
| 24:19 | Build | Outpost |
| 24:22 | Create | Villager (Male) |
| 24:36 | Build | Outpost |
| 24:38 | Create | Villager (Male) |
| 24:43 | Build | House |
| 24:45 | Build | House |
| 24:48 | Create | Villager (Male) |
| 24:53 | Research | Horse Collar |
| 24:58 | Build | Outpost |
| 25:00 | Create | Villager (Male) |
| 25:00 | Create | Villager (Male) |
| 25:00 | Create | Villager (Male) |
| 25:09 | Create | Hussite Wagon |
| 25:21 | Build | Outpost |
| 25:22 | Create | Villager (Male) |
| 25:25 | Build | Farm |
| 25:30 | Build | House |
| 25:31 | Create | Villager (Male) |
Match timeline
| 7:22 | kingrog · first_building Barracks |
| 7:31 | SaxPat · first_building Barracks |
| 8:29 | kingrog · wall_segment Palisade Wall x9 |
| 9:20 | kingrog · wall_segment Palisade Wall x4 |
| 9:22 | kingrog · wall_segment Palisade Wall x1 |
| 9:45 | kingthom · first_building Barracks |
| 9:55 | kingrog · age_up feudal |
| 10:00 | kingrog · first_building Archery Range |
| 10:14 | kingrog · wall_segment Palisade Wall x1 |
| 10:16 | kingrog · wall_segment Palisade Wall x1 |
| 10:33 | SaxPat · age_up feudal |
| 10:43 | SaxPat · first_building Archery Range |
| 10:53 | kingthom · age_up feudal |
| 10:56 | kingthom · first_building Stable |
| 11:08 | kingrog · wall_segment Palisade Wall x7 |
| 12:45 | AYD · first_building Barracks |
| 13:15 | kingrog · wall_segment Palisade Wall x3 |
| 13:16 | kingrog · wall_segment Palisade Wall x1 |
| 14:37 | AYD · age_up feudal |
| 14:43 | AYD · first_building Archery Range |
| 19:29 | AYD · age_up castle |
| 20:46 | kingthom · wall_segment Stone Wall x10 |
| 22:21 | AYD · first_building Castle |
| 24:20 | kingrog · age_up castle |
| 25:46 | kingthom · first_market_buy 100 food |
| 26:19 | SaxPat · age_up castle |
| 27:04 | kingthom · wall_segment Stone Wall x12 |
| 27:53 | AYD · first_building Siege Workshop |
| 28:27 | AYD · first_building Stable |
| 28:35 | kingthom · age_up castle |
| 32:20 | kingthom · wall_segment Stone Wall x12 |
| 32:44 | kingthom · wall_segment Stone Wall x17 |
| 32:52 | kingthom · first_building Siege Workshop |
| 36:36 | AYD · wall_segment Stone Wall x3 |
| 36:36 | SaxPat · first_market_buy 100 wood |
| 36:58 | SaxPat · first_building Castle |
| 37:40 | kingrog · first_building Castle |
| 38:00 | kingthom · wall_segment Stone Wall x7 |
| 38:58 | kingrog · first_market_buy 100 food |
| 40:04 | kingthom · first_building Castle |
| 40:42 | kingthom · wall_segment Stone Wall x12 |
| 41:21 | SaxPat · age_up imperial |
| 41:42 | SaxPat · first_market_sell 100 stone |
| 42:13 | kingrog · age_up imperial |
| 44:26 | AYD · age_up imperial |
| 44:32 | kingthom · wall_segment Stone Wall x6 |
| 45:23 | kingrog · first_market_sell 100 wood |
| 46:55 | kingthom · age_up imperial |
| 48:52 | kingrog · wall_segment Stone Wall x4 |
| 49:27 | AYD · wall_segment Stone Wall x1 |
| 50:28 | AYD · wall_segment Stone Wall x3 |
| 55:50 | kingrog · resign |
[ AI ANALYSIS · 1 CREDIT ]
What really happened in this match?
Wolo.gg analyzes every decision: build order, eco, micro, common mistakes by bracket. Personalized analysis on WhatsApp or Discord in 30 seconds.
Civ guide
Franks
Map guide
Steppe
Perfil
kingthom